AoeStats
← Aragorn

Arabian Desert

510440216Analyzed
1v1 RM · 1d ago on Oct 1, 2026· 49m 33s· 2 players
Game mode
Random Map
Map size
Tiny (2 player)
Population
200
Speed
Normal
Resources
Standard
Victory
Conquest
Starting age
Dark Age
Ending age
Imperial Age
RankedLock teamsTeams togetherTeam positionsShared explorationLock speedFull tech treeHidden civsTurbo modeCheats
Victory
Defeat
🇨🇴 Burmese · Colombia
1139
+14
🇺🇾 Ethiopians · Uruguay
1099
-14
Rascatripa
7:20 Loom
9:48 Feudal Age
10:55 Double-Bit Axe
14:30 Fletching
15:39 Padded Archer Armor
16:28 Town Watch
23:13 Castle Age
24:26 Leather Archer Armor
24:28 Bodkin Arrow
25:03 Elite Skirmisher
25:40 Bodkin Arrow
36:27 Imperial Age
34:23 Scale Barding Armor
35:32 Scale Mail Armor
38:29 Chain Barding Armor
38:19 Forging
38:42 Horse Collar
39:14 Bow Saw
39:31 Forging
40:43 Wheelbarrow
40:59 Iron Casting
45:06 Blast Furnace
46:52 Heavy Camel Rider
47:57 Conscription
Aragorn
7:09 Loom
9:33 Feudal Age
10:46 Horse Collar
14:32 Fletching
15:17 Padded Archer Armor
23:35 Castle Age
22:12 Gold Mining
24:32 Crossbowman
25:12 Bodkin Arrow
27:18 Manipur Cavalry
28:22 Scale Barding Armor
28:56 Bloodlines
33:39 Chain Barding Armor
34:44 Forging
36:27 Iron Casting
41:03 Imperial Age
38:56 Ballistics
39:27 Gold Shaft Mining
39:04 Husbandry
38:51 Pikeman
44:51 Halberdier
47:44 Cavalier
49:51 Plate Barding Armor
Connection lost

Rejoining the realm…

Still unreachable

The connection could not be restored.

Session expired

The server has moved on; the page needs a fresh start.